 Dungeon Crawl Stone Soup version 0.28-b1-70-g80dc712255 (webtiles) character file.

Game seed: 9046601728257350411

83847 cayde69 the Fencer (level 15, -3/146 HPs)
             Began as a Deep Dwarf Berserker on Feb 3, 2022.
             Was a Follower of Trog.
             Shot with an arrow by a naga sharpshooter (12 damage)
             ... on level 1 of the Snake Pit on Feb 4, 2022.
             The game lasted 02:35:09 (30615 turns).

cayde69 the Fencer (Deep Dwarf Berserker)          Turns: 30615, Time: 02:35:10

Health: -3/146     AC: 34    Str: 30    XL:     15   Next: 33%
Magic:  1/1        EV:  9    Int:  8    God:    Trog [*.....]
Gold:   1521       SH:  6    Dex: 16    Spells: 18/18 levels left

rFire   . . .      SeeInvis +   X - +11 long sword "Paqaumeasch" {vorpal, rC+ rCorr Stlth+}
rCold   + . .      Faith    .   x - +0 buckler
rNeg    + . .      Spirit   .   u - +4 plate armour
rPois   +          Reflect  .   T - +0 hat of Meak {Str+4}
rElec   .          Harm     .   G - +1 cloak {Stlth+}
rCorr   +          Rampage  .   Q - +2 pair of gloves
Will    ++++.                   z - +4 pair of boots of the Devil {+Blink SInv}
Stlth   +.........              (no amulet)
HPRegen 1.00/turn               W - ring of Tacw {AC+4 Dex+6 Stlth+}
MPRegen 0.07/turn               r - ring of poison resistance

@: strong-willed, on berserk cooldown, flying, regenerating, slowed,
constricted, unable to read, very slow
A: damage resistance, heal wounds, negative energy resistance 1, sense
surroundings 2, no regeneration, clumsy 2, inability to read while threatened
a: Heal Wounds, Renounce Religion, Evoke Blink, Berserk


You were on level 1 of the Snake Pit.
You worshipped Trog.
Trog was aware of your devotion.
You visited 5 branches of the dungeon, and saw 23 of its levels.
You also visited: Sewer and Gauntlet.

You collected 2226 gold pieces.
You spent 705 gold pieces at shops.

Inventory:

Hand Weapons
 q - a +4 vampiric hand axe
 w - the +12 whip "Xotod" {drain, Int+2}
   (You found it on level 1 of the Lair of Beasts)

   A truly terrible weapon, it drains the life of any living foe it strikes.
   Int:       It affects your intelligence (+2).
 H - the +9 trident of the Battered Servitors {distort, *Noise rElec rCorr Str+5}
   (You found it on level 4 of the Lair of Beasts)

   It warps and distorts space around it, and may blink, banish, or inflict
   extra damage upon those it strikes.
   Unwielding it can cause banishment or high damage.
   Str:       It affects your strength (+5).
   rElec:     It insulates you from electricity.
   *Noise:    It may make noises in combat.
   rCorr:     It protects you from acid and corrosion.
 O - a +2 shortbow of freezing
 X - the +11 long sword "Paqaumeasch" (weapon) {vorpal, rC+ rCorr Stlth+}
   (You found it on level 8 of the Dungeon)

   It inflicts extra damage upon your enemies.
   rC:        It protects you from cold.
   rCorr:     It protects you from acid and corrosion.
   Stlth:     It makes you more stealthy.
Missiles
 v - a throwing net
 P - 416 arrows
Armour
 b - +0 fire dragon scales
 k - +0 acid dragon scales
 p - a scarf of shadows
 u - a +4 plate armour (worn)
 x - a +0 buckler (worn)
 z - the +4 pair of boots of the Devil (worn) {+Blink SInv}
   (You found it on level 5 of the Dungeon)

   SInv:      It lets you see invisible.
   +Blink:    It lets you blink.
 G - a +1 cloak of stealth (worn)
 Q - a +2 pair of gloves (worn)
 R - the +3 salamander hide armour {Flames rF++ rC--}
   (You found it in a Gauntlet)

   It surrounds you with a cloud of flames.
   It grants immunity to clouds of flame.
   It enhances your fire magic.
   rF:        It greatly protects you from fire.
   rC:        It makes you very vulnerable to cold.
 T - the +0 hat of Meak (worn) {Str+4}
   (You found it in a Gauntlet)

   Str:       It affects your strength (+4).
Jewellery
 f - a +6 ring of strength
 r - a ring of poison resistance (right hand)
 y - a ring of willpower
 B - the amulet "Ciufuf" {Spirit +Blink rC- Stlth+}
   (You found it on level 11 of the Dungeon)

   [amulet of guardian spirit]

   It causes incoming damage to be divided between your reserves of health and
   magic.
   rC:        It makes you vulnerable to cold.
   +Blink:    It lets you blink.
   Stlth:     It makes you more stealthy.
 F - a +6 ring of strength
 M - a +4 ring of protection
 W - the ring of Tacw (left hand) {AC+4 Dex+6 Stlth+}
   (You found it on level 8 of the Dungeon)

   [ring of protection]

   AC:        It affects your AC (+4).
   Dex:       It affects your dexterity (+6).
   Stlth:     It makes you more stealthy.
Wands
 e - a wand of mindburst (8)
 j - a wand of polymorph (17)
 n - a wand of digging (13)
 K - a wand of acid (16)
 S - a wand of iceblast (10)
 V - a wand of paralysis (10)
 Y - a wand of charming (11)
Scrolls
 c - 8 scrolls of teleportation
 h - a scroll of magic mapping
 i - 3 scrolls of identify
 m - a scroll of holy word
 t - a scroll of brand weapon {unknown}
 A - a scroll of silence {unknown}
 D - 2 scrolls of enchant armour
Potions
 a - a potion of ambrosia {unknown}
 d - 2 potions of invisibility {unknown}
 o - a potion of attraction {unknown}
 s - 2 potions of magic {unknown}
 C - 3 potions of cancellation
 L - a potion of experience {unknown}
 Z - a potion of berserk rage {unknown}
Miscellaneous
 g - a phial of floods
 N - a tin of tremorstones (2/2)
 U - a phantom mirror


   Skills:
 * Level 12.8 Fighting
 + Level 1.1(9.3) Short Blades
 * Level 15.5(15.6) Long Blades
 - Level 11.5(11.9) Axes
 + Level 3.3(7.5) Maces & Flails
 - Level 2.5(6.6) Polearms
 * Level 11.4 Armour
 + Level 9.4 Dodging
 - Level 1.4 Stealth
 + Level 7.4 Shields
 - Level 2.0 Spellcasting
 + Level 2.6 Evocations


You had 18 spell levels left.
You didn't know any spells.
Your spell library was empty.

Dungeon Overview and Level Annotations

Branches:
Dungeon (12/15)            Temple (0/1) D:6            Lair (6/6) D:8
 Shoals (2/4) Lair:2        Snake (1/4) Lair:4        Slime (0/5) Lair:5
    Orc (2/2) D:10            Elf (0/3) Orc:2         Sewer (visited)
Gauntlet (visited)

Altars:
Uskayaw
Yredelemnul

Shops:
D:5 (*==   D:11 (   Orc:1 [   Orc:2 =(([   Snake:1 [::??

Annotations:
Shoals:1 2 runed translucent doors, tizbic2's ghost, journeyman OgIE


Innate Abilities, Weirdness & Mutations

You are resistant to damage.
You can heal yourself by infusing magical energy.
You resist negative energy. (rN+)
You passively map the area around you.
You do not regenerate.
You are very clumsy. (Dex -4)
You sometimes lose the ability to read scrolls when taking damage.


Message History

The naga sharpshooter shoots an arrow.
The arrow hits you but does no damage. The naga sharpshooter constricts you.
The naga sharpshooter shoots an arrow.
The arrow hits you!
* * * LOW HITPOINT WARNING * * *
The naga sharpshooter shoots a bolt.
You block the bolt.
The naga sharpshooter casts a spell.
The naga sharpshooter magically shoots an arrow.
The arrow hits you but does no damage.
You slice the naga sharpshooter!!
The naga sharpshooter is severely wounded.
The naga sharpshooter shoots an arrow.
The arrow hits you but does no damage. The naga sharpshooter constricts you.
The naga sharpshooter spits poison at you.
The splash of poison hits you but does no damage.
The naga sharpshooter shoots an arrow.
The arrow hits you!
* * * LOW HITPOINT WARNING * * *
The naga sharpshooter spits poison at you.
The splash of poison misses you.
The splash of poison hits the naga sharpshooter.
You barely miss the naga sharpshooter.
The naga sharpshooter is severely wounded.
The naga sharpshooter casts a spell.
The naga sharpshooter magically shoots an arrow.
The arrow hits you but does no damage. The naga sharpshooter constricts you.
The naga sharpshooter shoots an arrow.
The arrow hits you but does no damage.
The naga sharpshooter shoots an arrow.
You block the arrow.
The naga sharpshooter shoots a bolt.
The bolt hits you.
You closely miss the naga sharpshooter.
The naga sharpshooter is severely wounded.
The naga sharpshooter unwields a +0 longbow.
The naga sharpshooter wields a +0 mace.
The naga sharpshooter closely misses you.
The naga sharpshooter constricts you.
The naga sharpshooter shoots an arrow.
The arrow barely misses you.
The arrow hits the naga sharpshooter!
The naga sharpshooter casts a spell.
The naga sharpshooter magically shoots a bolt.
The bolt hits you!!
* * * LOW HITPOINT WARNING * * *
The naga sharpshooter shoots an arrow.
The arrow hits you!
You die...

##....≈≈≈≈≈≈≈≈≈≈≈≈≈....# ###(.##
##....≈≈≈≈≈≈≈≈≈≈≈≈≈....# ##...
##....≈≈.........≈≈....# #...
###...≈≈N#######.≈≈...#### ##...
.##...S≈.#(((((#.≈≈...##.####.###
......≈≈.#.....'.≈≈..........##♣.
......≈≈.#>....NN≈≈.........##♣..
......≈≈.#.....N)S≈........##♣...
.##...≈≈.#)))))#@≈≈...##).##♣....
###...≈≈.#######N≈≈...###.#♣...#.
##....≈≈.N......N≈≈....##.#.)....
##....≈≈≈≈≈≈≈≈≈≈≈≈≈....##...#.∩..
##....≈≈≈≈≈≈≈≈≈≈≈≈≈....##.#.....)
##.....................##)#♣...#.
##.....................##.##♣....
##.....................##..##♣...
#.......##...##.......##...##♣..


You could see 5 naga sharpshooters and an electric eel.

Vanquished Creatures
  Saint Roka (Orc:2)
  Gastronok (Lair:2)
  A fire giant (shapeshifter) (Gauntlet)
  An azure jelly (Lair:5)
  An orc warlord (Orc:1)
  Azrael (Snake:1)
  A minotaur (Gauntlet)
  Snorg (Lair:4)
  A fire dragon (Lair:6)
  A naga warrior (Snake:1)
  Erolcha (Orc:2)
  A catoblepas (D:8)
  6 hydras
  2 boulder beetles
  An anaconda (Snake:1)
  A centaur warrior (D:8)
  5 two-headed ogres
  7 death yaks (Lair:6)
  7 orc high priests
  Urug (Lair:3)
  A naga sharpshooter (Snake:1)
  A shock serpent (Snake:1)
  A skeletal warrior (D:12)
  A sea snake (Snake:1)
  A naga ritualist (Snake:1)
  A lindwurm (Lair:6)
  A salamander (Snake:1)
  2 cyclopes
  An orc sorcerer (Orc:1)
  A manticore (D:8)
  13 black mambas
  8 naga magi (Snake:1)
  Joseph (D:7)
  A rust devil (Gauntlet)
  2 unseen horrors (D:12)
  7 cane toads
  A gargoyle (D:11)
  2 molten gargoyles (Lair:6)
  4 rime drakes
  16 komodo dragons
  Maggie (D:10)
  Psyche (D:10)
  7 trolls
  5 polar bears
  Grinder (D:5)
  Prince Ribbit (D:5)
  19 blink frogs
  4 slime creatures (Lair:5)
  4 dream sheep (Lair:5)
  15 flying skulls (Gauntlet)
  A shadow (D:11)
  A spriggan (Lair:2)
  A ynoxinul (Gauntlet)
  37 yaks
  2 wraiths
  4 wyverns
  9 basilisks
  Grum (D:10)
  3 vampire mosquitoes (D:11)
  3 steam dragons
  Menkaure (D:6)
  4 wargs
  11 nagas (Snake:1)
  8 hell hounds
  13 water moccasins
  Duvessa (D:6)
  3 black bears
  33 orc warriors
  2 sky beasts
  2 ice beasts
  11 wolves
  9 centaurs
  6 ogres
  A phantom (D:4)
  5 kobold brigands
  A gnoll sergeant (D:11)
  2 scorpions
  15 bullfrogs
  A bullfrog (shapeshifter) (Gauntlet)
  A wyvern skeleton (D:7)
  Dowan (D:6)
  7 killer bees
  2 electric eels
  5 howler monkeys
  5 lava snakes (Lair:6)
  2 centaur zombies
  A bullfrog zombie (D:6)
  4 hounds
  2 gnoll shamans
  36 orc priests
  3 iron imps (Gauntlet)
  4 jellies (Lair:5)
  Crazy Yiuf (D:6)
  A scorpion zombie (D:5)
  30 orc wizards
  6 iguanas
  2 hound skeletons
  18 gnolls
  13 adders
  3 river rats
  A shadow imp (D:8)
  5 worms
  3 dart slugs
  92 orcs
  10 ball pythons
  5 endoplasms
  3 giant cockroaches
  6 goblins
  4 hobgoblins
  5 jackals
  9 quokkas
  6 bats
  A frilled lizard (D:2)
  17 kobolds
  13 rats
684 creatures vanquished.

Vanquished Creatures (others)
  An orc sorcerer (Orc:2)
  A kobold (D:9)
  25 demonic plants (Gauntlet)
  18 fungi
  57 plants
102 creatures vanquished.

Grand Total: 786 creatures vanquished

Notes
Turn   | Place    | Note
-------+----------+-------------------------------------------
     0 | D:1      | cayde69 the Deep Dwarf Berserker began the quest for the
                  | Orb.
     0 | D:1      | Reached XP level 1. HP: 20/20 MP: 1/1
   107 | D:1      | Reached XP level 2. HP: 14/27 MP: 2/2
   555 | D:1      | Found a faded altar of an unknown god.
   874 | D:2      | Found a hide-covered altar of Uskayaw.
   896 | D:2      | Reached XP level 3. HP: 20/34 MP: 2/2
  1096 | D:2      | Reached ** piety under Trog
  1334 | D:3      | Reached skill level 1 in Stealth
  1337 | D:3      | Reached XP level 4. HP: 42/42 MP: 3/3
  2290 | D:3      | Reached XP level 5. HP: 49/49 MP: 4/4
  2308 | D:3      | Reached skill level 5 in Axes
  2664 | D:4      | Noticed an ogre
  2678 | D:4      | Killed an ogre
  2679 | D:4      | Reached XP level 6. HP: 47/57 MP: 5/5
  3462 | D:4      | Reached XP level 7. HP: 61/64 MP: 4/4
  3971 | D:5      | Entered Level 5 of the Dungeon
  3971 | D:5      | Found Bir Lumm's Assorted Antiques.
  4183 | D:5      | Noticed Eustachio
  4184 | D:5      | Noticed Eustachio
  4184 | D:5      | Eustachio changed into Eustachio the howler monkey
  4196 | D:5      | Killed Eustachio the howler monkey
  4243 | D:5      | Identified the +4 pair of boots of the Devil {+Blink SInv}
  4383 | D:5      | Found Reireoki's Jewellery Shoppe.
  4446 | D:5      | Found Geim's Jewellery Shop.
  4450 | D:5      | Noticed Prince Ribbit
  4530 | D:5      | Killed Prince Ribbit
  4531 | D:5      | Reached XP level 8. HP: 73/73 MP: 3/3
  4533 | D:5      | Reached skill level 1 in Long Blades
  4533 | D:5      | Reached skill level 5 in Dodging
  4590 | D:5      | Reached skill level 5 in Fighting
  4694 | D:5      | Reached skill level 2 in Long Blades
  4892 | D:5      | Found Buffirof's Antique Weapon Shop.
  4935 | D:5      | Noticed Grinder
  4937 | D:5      | Paralysed by Grinder for 2 turns
  4963 | D:5      | Killed Grinder
  4964 | D:5      | Reached skill level 3 in Long Blades
  4964 | D:5      | Reached skill level 1 in Shields
  5205 | D:6      | Reached skill level 4 in Long Blades
  5239 | D:6      | Noticed Menkaure
  5243 | D:6      | Found a glowing drain.
  5257 | D:6      | Killed Menkaure
  5264 | Sewer    | Entered a sewer
  5467 | Sewer    | Gained mutation: You passively map the area around you.
                  | [Deep Dwarf growth]
  5467 | Sewer    | Reached XP level 9. HP: 63/81 MP: 4/4
  6065 | Sewer    | Reached skill level 5 in Armour
  6073 | Sewer    | Reached skill level 5 in Long Blades
  6119 | D:6      | Found a runed translucent door.
  6120 | D:6      | Noticed Crazy Yiuf
  6130 | D:6      | Killed Crazy Yiuf
  6255 | D:6      | Noticed Duvessa
  6255 | D:6      | Noticed Dowan
  6278 | D:6      | Killed Duvessa
  6284 | D:6      | Killed Dowan
  6333 | D:6      | Identified the +1 ring mail of Odyonget {Rampage rPois}
  6800 | D:6      | Found a staircase to the Ecumenical Temple.
  6809 | D:5      | Bought a runed hand axe for 168 gold pieces
  7356 | D:7      | Noticed Joseph
  7368 | D:7      | Killed Joseph
  8007 | D:8      | Noticed a catoblepas
  8058 | D:8      | Noticed a centaur warrior
  8091 | D:8      | Noticed a manticore
  8135 | D:8      | Killed a manticore
  8136 | D:8      | Reached XP level 10. HP: 49/92 MP: 5/5
  8662 | D:8      | Killed a centaur warrior
  8663 | D:8      | Reached skill level 10 in Axes
  8673 | D:8      | Identified the +6 glaive "Roppin" {antimagic, rPois Int+3
                  | Dex+5}
  9065 | D:8      | Identified the ring of Tacw {AC+4 Dex+6 Stlth+}
  9067 | D:8      | Identified the +11 long sword "Paqaumeasch" {vorpal, rC+
                  | rCorr Stlth+}
  9070 | D:8      | Killed a catoblepas
  9142 | D:8      | Reached skill level 1 in Polearms
  9559 | D:8      | Found a staircase to the Lair.
  9674 | D:9      | Found a basalt altar of Yredelemnul.
  9729 | D:9      | Reached skill level 1 in Evocations
  9743 | D:9      | Noticed a two-headed ogre
  9747 | D:9      | Killed a two-headed ogre
 10083 | D:9      | Reached XP level 11. HP: 67/100 MP: 5/5
 10322 | D:9      | Identified the +7 rapier of the Fray {vorpal, rC+}
 11572 | D:10     | Entered Level 10 of the Dungeon
 11956 | D:10     | Noticed Maggie
 11968 | D:10     | Killed Maggie
 12261 | D:10     | Noticed a two-headed ogre
 12273 | D:10     | Killed a two-headed ogre
 12747 | D:10     | Noticed Psyche
 12756 | D:10     | Killed Psyche
 12903 | D:10     | Noticed Grum
 12906 | D:10     | Reached skill level 5 in Shields
 12926 | D:10     | Killed Grum
 13419 | D:10     | Found a staircase to the Orcish Mines.
 13664 | Lair:1   | Entered Level 1 of the Lair of Beasts
 14009 | Lair:1   | Noticed a four-headed hydra
 14790 | Lair:1   | Killed a four-headed hydra
 15090 | Lair:1   | Reached skill level 6 in Long Blades
 15518 | Lair:1   | Reached skill level 7 in Long Blades
 15567 | Lair:1   | Identified the +12 whip "Xotod" {drain, Int+2}
 15991 | Lair:2   | Reached skill level 1 in Short Blades
 15991 | Lair:2   | Reached skill level 8 in Long Blades
 15991 | Lair:2   | Reached XP level 12. HP: 88/112 MP: 5/5
 16009 | Lair:2   | Found a staircase to the Shoals.
 16271 | Lair:2   | Reached skill level 9 in Long Blades
 16316 | Lair:2   | Noticed Gastronok
 16504 | Lair:3   | Noticed a seven-headed hydra
 16515 | Lair:3   | Killed an eight-headed hydra
 16578 | Lair:3   | Noticed Urug
 16581 | Lair:3   | Reached skill level 10 in Long Blades
 16600 | Lair:3   | Killed Urug
 16761 | Lair:3   | Noticed a boulder beetle
 16767 | Lair:3   | Killed a boulder beetle
 16768 | Lair:3   | Reached skill level 1 in Maces & Flails
 18184 | Lair:4   | Reached skill level 11 in Long Blades
 18237 | Lair:4   | Found a staircase to the Snake Pit.
 18244 | Lair:4   | Noticed Snorg
 18262 | Lair:4   | Killed Snorg
 18422 | Lair:4   | Noticed a five-headed hydra
 18433 | Lair:4   | Killed a five-headed hydra
 18553 | Lair:4   | Identified the +9 trident of the Battered Servitors
                  | {distort, *Noise rElec rCorr Str+5}
 18859 | Lair:4   | Reached skill level 12 in Long Blades
 19041 | Lair:5   | Found a gate leading to a gauntlet.
 19050 | Gauntlet | Entered a Gauntlet
 19050 | Gauntlet | Found a transporter.
 19050 | Gauntlet | Found a transporter.
 19055 | Gauntlet | Found a transporter.
 19077 | Gauntlet | Found a transporter.
 19086 | Gauntlet | Found the +3 salamander hide armour {Flames rF++ rC--}
 19087 | Gauntlet | Found a transporter.
 19087 | Gauntlet | Found a transporter.
 19109 | Gauntlet | Found a transporter.
 19116 | Gauntlet | Found a transporter.
 19128 | Gauntlet | Found a transporter.
 19137 | Gauntlet | Found a transporter.
 19146 | Gauntlet | Found a transporter.
 19191 | Gauntlet | Found a transporter.
 19205 | Gauntlet | Found a transporter.
 19295 | Gauntlet | Found a transporter.
 19305 | Gauntlet | Found a transporter.
 19319 | Gauntlet | Found a transporter.
 19412 | Gauntlet | Noticed an emperor scorpion
 19467 | Gauntlet | Noticed a storm dragon
 19467 | Gauntlet | an emperor scorpion changed into a storm dragon
 19486 | Gauntlet | Noticed a minotaur
 19488 | Gauntlet | Noticed an azure jelly
 19488 | Gauntlet | a minotaur changed into an azure jelly
 19515 | Gauntlet | Noticed a fire giant
 19515 | Gauntlet | an azure jelly changed into a fire giant
 19623 | Gauntlet | Reached XP level 13. HP: 121/121 MP: 2/2
 19713 | Gauntlet | Killed a fire giant
 20015 | Gauntlet | Identified the +0 hat of Meak {Str+4}
 20198 | Gauntlet | Noticed a minotaur
 20212 | Gauntlet | Killed a minotaur
 20213 | Gauntlet | Reached skill level 13 in Long Blades
 20584 | Lair:5   | Noticed an azure jelly
 20611 | Lair:5   | Killed an azure jelly
 20779 | Lair:5   | Found a staircase to the Slime Pits.
 21048 | Lair:5   | Reached skill level 10 in Fighting
 21054 | Lair:5   | Found the +8 whip "Snakebite" {venom, curare, rPois}
 21315 | Lair:6   | Entered Level 6 of the Lair of Beasts
 21341 | Lair:6   | Reached skill level 14 in Long Blades
 21341 | Lair:6   | Reached skill level 1 in Spellcasting
 21436 | Lair:6   | Gained mutation: You sometimes lose the ability to read
                  | scrolls when taking damage. [mutagenic glow]
 21455 | Lair:6   | Gained mutation: You have hidden genetic defects.
                  | [mutagenic glow]
 21587 | Lair:6   | HP: 6/124 [molten gargoyle/bolt of magma (12)]
 21590 | Lair:6   | HP: 1/124 [molten gargoyle/bolt of magma (5)]
 21645 | Lair:6   | Noticed a fire dragon
 21645 | Lair:6   | Found a large runed translucent door.
 21745 | Lair:6   | Found a large runed translucent door.
 22114 | Lair:6   | Killed a fire dragon
 22493 | Lair:6   | Gained mutation: You are clumsy. (Dex -2) [hidden defects]
 22693 | Lair:6   | Gained mutation: You resist negative energy. (rN+) [Deep
                  | Dwarf growth]
 22693 | Lair:6   | Reached XP level 14. HP: 95/132 MP: 2/2
 23090 | Lair:6   | Gained mutation: You are very clumsy. (Dex -4) [hidden
                  | defects]
 23090 | Lair:6   | Lost mutation: You have hidden genetic defects. [hidden
                  | defects expressed]
 23589 | Orc:1    | Entered Level 1 of the Orcish Mines
 23589 | Orc:1    | Found Ysku's Armour Shop.
 23636 | Orc:1    | Noticed an orc warlord
 23657 | Orc:1    | Killed an orc warlord
 23874 | Orc:2    | Entered Level 2 of the Orcish Mines
 24597 | Orc:2    | Noticed Saint Roka
 24746 | Orc:2    | Killed Saint Roka
 25743 | D:11     | Found Vuahal's Weapon Shop.
 25989 | D:11     | Reached skill level 15 in Long Blades
 26046 | D:11     | Identified the amulet "Ciufuf" {Spirit +Blink rC- Stlth+}
 26601 | Orc:2    | Noticed Erolcha
 26676 | Orc:2    | Killed Erolcha
 26833 | Orc:2    | Reached skill level 10 in Armour
 27109 | Orc:2    | Found Toasty's Jewellery Boutique.
 27109 | Orc:2    | Found Xayj Xai's Weapon Shop.
 27113 | Orc:2    | Found Ykhlios's Armour Shop.
 27115 | Orc:2    | Found Meowk's Antique Weapon Boutique.
 27124 | Orc:2    | Bought a +0 vampiric hand axe for 132 gold pieces
 27300 | Orc:2    | Found a staircase to the Elven Halls.
 27937 | Orc:1    | Reached *** piety under Trog
 28431 | Lair:2   | Killed Gastronok
 28751 | Shoals:1 | Entered Level 1 of the Shoals
 28754 | Shoals:1 | Found a large runed translucent door.
 28756 | Shoals:1 | Found a large runed translucent door.
 28758 | Shoals:1 | Noticed tizbic2's ghost (journeyman OgIE)
 29355 | Snake:1  | Entered Level 1 of the Snake Pit
 29364 | Snake:1  | Reached XP level 15. HP: 119/146 MP: 1/1
 29520 | Snake:1  | Identified the +1 robe of Zesah {rC+ Will+}
 29525 | Snake:1  | Found Bogov's Armour Shop.
 29605 | Snake:1  | Found Voh Urim's Magic Scroll Shop.
 29605 | Snake:1  | Found Ywyczug's Book Boutique.
 29607 | Snake:1  | Found Zutt's Book Boutique.
 29615 | Snake:1  | Noticed Azrael
 29636 | Snake:1  | Killed Azrael
 29654 | Snake:1  | Found Waxkea's Magic Scroll Shop.
 29684 | Snake:1  | Bought a scroll of enchant weapon for 135 gold pieces
 29684 | Snake:1  | Bought a scroll of enchant weapon for 135 gold pieces
 30454 | Snake:1  | Bought a scroll of enchant armour for 135 gold pieces
 30615 | Snake:1  | Shot with an arrow by a naga sharpshooter

Illustrated notes

Levels and vault maps discovered:
D:1:      dpeg_arrival_stonehenge_12_columns, layout_loops_corners,
          ebering_ecumenical_altar_rust
D:2:      layout_rooms, basic_altar
D:3:      layout_loops_ring, serial_bayou_pond_b, kennysheep_boxes
D:4:      layout_gridville, feat_on_display
D:5:      minmay_chambers_of_fours, layout_cave_pools, serial_shops, shop,
          nicolae_take_the_stairs, shop, nicolae_shop_advertising_works
          [nicolae_subvault_shop_adworks], uniq_prince_ribbit1, uniq_eustachio,
          uniq_grinder
D:6:      layout_rooms, minmay_temple_entry_gardened_gates,
          portal_sewer_entry_b, uniq_menkaure, uniq_crazy_yiuf_cottage,
          uniq_duvessa
D:7:      layout_rooms, uniq_joseph
D:8:      layout_basic, david_lair_shrubbed, minmay_diamond_spiral
D:9:      layout_loops_cross, mainiacjoe_overflow_brackets, nrook_mini_vaults,
          kennysheep_generic_room_5
D:10:     layout_basic, david_orc_2, uniq_maggie, uniq_grum, uniq_psyche
D:11:     layout_loops_ring, serial_shops, shop
D:12:     layout_basic
Lair:1:   layout_cave_pods, nicolae_quartered_pool_little, beast_lair_carwin_1,
          infiniplex_staircase_pool
Lair:2:   layout_chaotic_city, elwin_shoals_entry_rocks,
          grunt_forest_stairs_clearing, uniq_gastronok
Lair:3:   layout_small_grid, chequers_serial_rivers_micro_d, uniq_urug
Lair:4:   layout_misc_corridors, dummy_snake_entry, lookout_lair_type,
          chequers_serial_rivers_micro_e, grunt_megastairs_3, uniq_snorg
Lair:5:   minmay_guarded_unrand_snakebite, layout_regular_city,
          dpeg_slime_entry_corner, gauntlet_entry_generic,
          nicolae_lair_time_for_slime
Lair:6:   cheibrodos_lair_end_hotspot, layout_regular_city
Shoals:1: layout_shoals, ebering_ghost_disaster_area, st_shoals_ruin
Shoals:2: layout_shoals, lemuel_oklob_altar
Snake:1:  nicolae_snake_shooting_gallery, layout_layer_cave, serial_shops,
          nicolae_shop_trees, minmay_shoptagon, uniq_azrael
Orc:1:    layout_caves, serial_shops, shop
Orc:2:    st_orc_mages, layout_diamond_mine, uniq_erolcha, uniq_saint_roka

Skill      XL: |  1  2  3  4  5  6  7  8  9 10 11 12 13 14 15 |
---------------+----------------------------------------------+-----
Fighting       | 3 4 5 6 7 8 9 10 12 | 12.8
Axes           | 4 5 6 7 9 10 11 | 11.5
Stealth        | 1 |  1.4
Armour         | 3 4 5 7 10 11 | 11.4
Dodging        | 3 4 6 7 8 9 |  9.4
Long Blades    | 4 5 8 12 14 15 | 15.5
Shields        | 1 3 4 5 7 |  7.4
Polearms       | 2 |  2.5
Evocations     | 1 2 |  2.6
Short Blades   | 1 |  1.1
Maces & Flails | 2 3 |  3.3
Spellcasting   | 2 |  2.0

Action                   |  1- 3 |  4- 6 |  7- 9 | 10-12 | 13-15 || total
-------------------------+-------+-------+-------+-------+-------++-------
Melee: Hand axe          |   121 |   235 |   235 |    22 |   102 ||   715
       Punch             |     1 |     5 |     1 |       |       ||     7
       Falchion          |       |       |   334 |       |       ||   334
       Long sword        |       |       |       |   500 |   861 ||  1361
       Glaive            |       |       |       |     4 |       ||     4
       Rapier            |       |       |       |     5 |       ||     5
       Whip              |       |       |       |    14 |    69 ||    83
       Trident           |       |       |       |       |     7 ||     7
Invok: Berserk           |     1 |     3 |     9 |    18 |    29 ||    60
       Trog's Hand       |       |     9 |    11 |    21 |    60 ||   101
 Abil: Heal Wounds       |     2 |     4 |    13 |    15 |    14 ||    48
       Evoke Blink       |       |       |       |     2 |     5 ||     7
Evoke: Wand              |       |       |     1 |     2 |    10 ||    13
       Phantom mirror    |       |       |       |     1 |       ||     1
       Phial of floods   |       |       |       |       |     1 ||     1
  Use: Scroll            |       |       |     6 |     6 |    14 ||    26
       Potion            |       |       |     1 |     7 |    29 ||    37
 Stab: Sleeping          |     3 |     1 |     3 |     7 |     6 ||    20
       Distracted        |       |       |     1 |     3 |     1 ||     5
Armor: Animal skin       |    20 |       |       |       |       ||    20
       Leather armour    |    18 |    33 |   163 |       |     2 ||   216
       Ring mail         |       |       |    80 |   117 |       ||   197
       Acid dragon scale |       |       |       |   186 |   136 ||   322
       Fire dragon scale |       |       |       |       |   130 ||   130
       Plate armour      |       |       |       |       |   324 ||   324
Dodge: Dodged            |    83 |   154 |   386 |   491 |   641 ||  1755
Block: Buckler           |       |       |   100 |   170 |   293 ||   563
